 Dungeon Crawl Stone Soup version 0.26.0-9-gab577f9fc5 (webtiles) character file.

Game seed: 13647771538362673780

23 Froggeryz the Chopper (level 2, 0/23 HPs)
             Began as a Hill Orc Hedge Wizard on Jan 13, 2021.
             Succumbed to an adder's poison
             ... on level 1 of the Dungeon.
             The game lasted 00:01:24 (1742 turns).

Froggeryz the Chopper (Hill Orc Hedge Wizard)       Turns: 1742, Time: 00:01:25

Health: 0/23       AC:  6    Str: 12    XL:     2   Next: 95%
Magic:  5/5        EV: 10    Int: 14    God:
Gold:   57         SH:  0    Dex: 10    Spells: 4/5 levels left

rFire    + . .     SeeInvis .   d - +0 hand axe
rCold    + . .     Faith    .   (no shield)
rNeg     . . .     Spirit   .   e - +0 ring mail
rPois    +         Reflect  .   c - +0 hat
rElec    +         Harm     .   (no cloak)
rCorr    +         Rampage  .   (no gloves)
Will     .....                  f - +0 pair of boots
Stlth    +.........             g - amulet of inaccuracy (curse)
HPRegen  0.07/turn              (no ring)
MPRegen  0.09/turn              (no ring)

@: lethally poisoned (0 -> -4), resistant
A: no striking features
a: no special abilities


You were on level 1 of the Dungeon.
You visited 1 branch of the dungeon, and saw 2 of its levels.

You collected 57 gold pieces.

Inventory:

Hand Weapons
 a - a +0 dagger
 d - a +0 hand axe (weapon)
Armour
 c - a +0 hat (worn)
 e - a +0 ring mail (worn)
 f - a +0 pair of boots (worn)
Jewellery
 g - a cursed amulet of inaccuracy (around neck)
Potions
 b - a potion of resistance


   Skills:
 + Level 1.5 Fighting
 * Level 2.7 Axes
 - Level 1.5 Dodging
 - Level 1.5 Stealth
 - Level 2.4 Spellcasting
 - Level 1.0 Conjurations
 - Level 1.0 Summonings
 - Level 0.7 Translocations


You had 4 spell levels left.
You knew the following spells:

 Your Spells              Type           Power        Failure   Level
a - Magic Dart            Conj           16%          34%         1

Your spell library contained the following spells:

 Spells                   Type           Power        Failure   Level
 Call Imp                 Summ           4%           45%         2
 Blink                    Tloc           N/A          52%         2
 Slow                     Hex            1%           61%         2
 Conjure Flame            Conj/Fire      3%           77%         3
 Mephitic Cloud           Conj/Pois/Air  2%           80%         3


Dungeon Overview and Level Annotations

Branches:
Dungeon (2/15)

Altars:


Message History

* * * LOW HITPOINT WARNING * * *
The adder closely misses you.
You hit the adder.
The adder is moderately wounded.
* * * LOW HITPOINT WARNING * * *
You feel sick. The adder bites you but does no damage.
You miss the adder.
The adder is moderately wounded.
The adder bites you but does no damage. x2
You barely miss the adder.
The adder is moderately wounded.
* * * LOW HITPOINT WARNING * * *
You feel sick. The adder bites you but does no damage.
You miss the adder.
The adder is moderately wounded.
The adder bites you but does no damage. The adder bites you.
* * * LOW HITPOINT WARNING * * *
You closely miss the adder.
The adder is moderately wounded.
You die...

#..........######.#.#####
#..#.###......##.........
#..#.......##.##..#......
#..######..##.#...+......
##..## #..##.#...#......
#....#####...#.....#......
#....+....#....#..##......
#....####.#..#.#...'......
#.......S@........##......
#..................###'###
#....#####.........# #.# #
#....#...'.........# #.###
#....#.###.........# #....
#....#.# #.........# #####
#....#.###.........#
########.##..........####
#
#.......................#
#


You could see an adder.

Vanquished Creatures
  A leopard gecko (D:1)
  3 bats
  A giant cockroach (D:1)
  3 goblins
  A hobgoblin (D:1)
  5 frilled lizards (D:1)
  5 kobolds
  3 rats (D:1)
22 creatures vanquished.

Notes
Turn   | Place    | Note
-------+----------+-------------------------------------------
     0 | D:1      | Froggeryz the Hill Orc Hedge Wizard began the quest for the
                  | Orb.
     0 | D:1      | Reached XP level 1. HP: 14/14 MP: 3/3
   206 | D:1      | Reached skill level 1 in Axes
   436 | D:1      | Reached XP level 2. HP: 17/22 MP: 5/5
   439 | D:1      | Reached skill level 1 in Fighting
  1741 | D:1      | HP: 1/23 [adder (1)]
  1742 | D:1      | Succumbed to an adder's poison

Illustrated notes

Levels and vault maps discovered:
D:1:      kilobyte_arrival_exit_the_forest, layout_basic, minmay_lizard_pond
D:2:      layout_rooms, lemuel_crystal_altar,
          nicolae_dithmenos_through_a_glass_darkly

Skill      XL: |  1  2 |
---------------+-------+-----
Axes           | 1 2 |  2.7
Fighting       | 1 |  1.5
Dodging        | |  1.5
Stealth        | |  1.5
Spellcasting   | |  2.4
Conjurations   | |  1.0
Summonings     | |  1.0
Translocations | |  0.7

Action                   || total
-------------------------++-------
Melee: Hand axe          ||   123
  Use: Scroll            ||     3
       Potion            ||     1
Armor: Ring mail         ||    74
       Robe              ||     1
Dodge: Dodged            ||    82
